 Dungeon Crawl Stone Soup version 0.30.1-10-g1249ef9ec4 (webtiles) character file.

Game seed: 13976949544324330784

105 lonewolfV2 the Covered (level 4, -1/35 HPs)
             Began as a Demonspawn Fighter on Oct 26, 2023.
             Slain by Grinder (3 damage)
             ... while paralysed by Grinder
             ... on level 3 of the Dungeon.
             The game lasted 00:06:01 (2548 turns).

lonewolfV2 the Covered (Demonspawn Fighter)         Turns: 2548, Time: 00:06:02

Health: -1/35      AC: 11    Str: 22    XL:     4   Next: 54%
Magic:  13/13      EV:  2    Int:  9    God:
Gold:   204        SH:  0    Dex: 13    Spells: 3/3 levels left

rFire   . . .        p - +1 hand axe "Lemiof" {freeze, MP+9 Str+4}
rCold   . . .        c - +0 buckler
rNeg    . . .        e - +0 plate armour
rPois   .            (no helmet)
rElec   .            (no cloak)
rCorr   .            (no gloves)
SInv    .            (no boots)
Will    .....        (no amulet) Stlth
                     (no ring)
HPRegen 0.25/turn    (no ring)
MPRegen 0.26/turn

%: no passive effects
@: paralysed
A: magic regeneration, condensation shield
a: no special abilities


You were on level 3 of the Dungeon.
You visited 1 branch of the dungeon, and saw 3 of its levels.

You collected 204 gold pieces.

Inventory:

Hand Weapons
 a - a +0 war axe
 p - the +1 hand axe "Lemiof" (weapon) {freeze, MP+9 Str+4}
   (You found it on level 3 of the Dungeon)

   Str:       It affects your strength (+4).
   MP:        It affects your magic capacity (+9).
Armour
 b - a +0 scale mail
 c - a +0 buckler (worn)
 e - a +0 plate armour (worn)
 h - a +0 chain mail
Scrolls
 g - a scroll of fog
 l - a scroll of blinking {unknown}
 m - 3 scrolls of identify
 o - 2 scrolls of magic mapping {unknown}
 q - a scroll of enchant weapon {unknown}
Potions
 d - 2 potions of might
 f - a potion of degeneration {unknown}
 i - a potion of brilliance {unknown}
 j - 2 potions of curing
 k - a potion of flight {unknown}
 n - a potion of haste {unknown}


   Skills:
 - Level 3.0 Fighting
 - Level 1.7 Axes
 + Level 3.5 Armour
 * Level 3.1 Dodging
 - Level 2.6 Shields


You had 3 spell levels left.
You didn't know any spells.
Your spell library contained the following spells:

 Spells                   Type           Power      Damage    Failure   Level
 Summon Small Mammal      Summ           0%         N/A       100%        1
 Poisonous Vapours        Pois/Air       0%         N/A       100%        2
 Call Canine Familiar     Summ           0%         N/A       100%        3
 Mephitic Cloud           Conj/Pois/Air  0%         N/A       100%        3
 Summon Guardian Golem    Hex/Summ       0%         N/A       100%        3
 Volatile Blastmotes      Fire/Tloc      0%         2d10      100%        3
 Fulminant Prism          Conj/Hex       0%         3d5       100%        4
 Iskenderun's Mystic Bla  Conj/Tloc      0%         2d3       100%        4
 Freezing Cloud           Conj/Ice/Air   0%         6-21      100%        5
 Lee's Rapid Deconstruct  Erth           0%         3d4*      100%        5


Dungeon Overview and Level Annotations

Branches:
Dungeon (3/15)

Altars:
Ashenzari

Shops:
D:2 :

Annotations:
D:3 Grinder


Innate Abilities, Weirdness & Mutations

You regenerate magic rapidly.
A meltable shield of frost defends you. (SH +4)


Message History

Grinder blinks!
Grinder gestures at you. You resist with significant effort.
Grinder says, "You look like you could use a good racking."
Grinder gestures at you. You resist with significant effort.
Grinder drinks a potion.
Grinder is healed!
There is an escape hatch in the ceiling here.
You hit Grinder.
Grinder is moderately wounded.
Grinder says, "Don't move a muscle."
Grinder closely misses you.
You hit Grinder.
Grinder is heavily wounded.
Grinder gestures at you. You resist with significant effort.
You hit Grinder.
Grinder is heavily wounded.
Grinder closely misses you.
You hit Grinder.
Grinder is severely wounded.
You block Grinder's attack. x2
You hit Grinder.
Grinder is severely wounded.
Grinder barely misses you.
You closely miss Grinder.
Grinder is severely wounded.
Grinder blinks!
Grinder blinks!
Grinder hits you!
You writhe in agony.
* * * LOW HITPOINT WARNING * * *
Grinder closely misses you.
You barely miss Grinder.
Grinder is severely wounded.
Grinder gestures at you.
You suddenly lose the ability to move!
Grinder hits you but does no damage. Grinder hits you.
* * * LOW HITPOINT WARNING * * *
You writhe in agony.
You die...

.# #.# #...... .# #.#
####### .#
#.#########################
.#
#........................#
.#
#.######################.#
.######.#####...# #.#
..............#รท# #.#
.############...## #.##
.............<..@###########
#.##
#############.##5..........#
#.## #.############.###.##
#.# #........ #.# ##.###...
#.# ### #### #.# #.# #.#


You could see Grinder.

Vanquished Creatures
  2 adders
  A worm (D:2)
  5 dart slugs (D:1)
  4 orcs (D:3)
  7 ball pythons
  5 endoplasms
  4 giant cockroaches
  5 goblins
  8 hobgoblins
  7 kobolds
  6 quokkas
  4 bats
  3 frilled lizards
  2 rats (D:3)
63 creatures vanquished.

Notes
Turn   | Place    | Note
-------+----------+-------------------------------------------
     0 | D:1      | lonewolfV2 the Demonspawn Fighter began the quest for the
                  | Orb.
     0 | D:1      | Reached XP level 1. HP: 18/18 MP: 1/1
    62 | D:1      | Reached skill level 1 in Dodging
   130 | D:1      | Gained mutation: A meltable shield of frost defends you.
                  | (SH +4) [demonic ancestry]
   130 | D:1      | Reached XP level 2. HP: 24/24 MP: 2/2
   493 | D:1      | Found a faded altar of an unknown god.
   541 | D:1      | Gained mutation: You regenerate magic rapidly. [demonic
                  | ancestry]
   541 | D:1      | Reached XP level 3. HP: 29/29 MP: 3/3
  1250 | D:2      | Found Kuuq's Book Shoppe.
  1290 | D:2      | Reached XP level 4. HP: 35/35 MP: 4/4
  1677 | D:3      | Identified the +1 hand axe "Lemiof" {freeze, MP+9 Str+4}
  2218 | D:3      | Found a broken altar of Ashenzari.
  2508 | D:3      | Noticed Grinder
  2520 | D:3      | Paralysed by Grinder for 5 turns
  2529 | D:3      | Paralysed by Grinder for 2 turns
  2547 | D:3      | Paralysed by Grinder for 2 turns
  2548 | D:3      | Slain by Grinder

Illustrated notes

Levels and vault maps discovered:
D:1:      psy_arrival_dodecagon, layout_loops_corners,
          shapermc_ecumenical_altar_acropolis, minmay_hexomino_u4
D:2:      layout_rooms, serial_shops, shop
D:3:      layout_loops_ring, nicolae_ashenzari_panopticon, minmay_vboxes,
          uniq_grinder

Skill      XL: |  1  2  3  4 |
---------------+-------------+-----
Dodging        | 1 2 3 |  3.1
Armour         | 3 |  3.5
Fighting       | |  3.0
Axes           | |  1.7
Shields        | |  2.6

Action                     |  1- 3 |  4- 6 || total
---------------------------+-------+-------++-------
  Melee: War axe           |   109 |    42 ||   151
         Hand axe          |       |    41 ||    41
    Use: Scroll            |     4 |       ||     4
 Armour: Scale mail        |     7 |       ||     7
         Plate armour      |    70 |    45 ||   115
  Dodge: Dodged            |    39 |    20 ||    59
  Block: Buckler           |    35 |    41 ||    76
